 Dungeon Crawl Stone Soup version 0.14-a0-1097-gc7db7fc (webtiles) character file.

326 4tharraofdagon the Chopper (level 5, -3/41 HPs)
             Began as a Centaur Warper on Nov 28, 2013.
             Was a Follower of Jiyva.
             Slain by a spriggan baker
             ... wielding a +1,+2 orcish dagger
              (4 damage)
             ... on Level 7 of the Dungeon.
             The game lasted 00:11:02 (2344 turns).

4tharraofdagon the Chopper (Centaur Warper)         Turns: 2344, Time: 00:11:02

HP  -3/41        AC  5     Str 20      XL: 5   Next: 64%
MP   5/5         EV  8     Int 18      God: Jiyva [*.....]
Gold 107         SH  0     Dex  8      Spells:  2 memorised,  4 levels left

rFire  . . .     SeeInvis .     C - +0 battleaxe
rCold  . . .     Clarity  .     v - +0 orc ring mail
rNeg   . . .     Conserve .     (no shield)
rPois  .         rCorr    .     (no helmet)
rElec  .         rRot     .     (no cloak)
SustAb . .       Spirit   .     (no gloves)
rMut   .         Warding  .     (no barding)
Saprov . . .     Stasis   .     (no amulet)
                                (no ring)
                                D - +1 ring of intelligence

@: mighty, brilliant, mildly poisoned, very quick, slightly resistant to hostile
enchantments, extremely unstealthy
A: hooves 3, deformed body, herbivore 1, speed 2, fast metabolism 1, tough skin
3
a: Request Jelly, Renounce Religion


You were on level 7 of the Dungeon.
You worshipped Jiyva.
Jiyva was aware of your devotion.
You were very hungry.

You visited 1 branch of the dungeon, and saw 7 of its levels.

You collected 107 gold pieces.

Inventory:

Hand weapons
 C - a +0,+0 battleaxe (weapon)
Missiles
 f - 10 darts of dispersal (quivered)
 p - 2 curare-tipped needles
 y - a throwing net
Armour
 v - a +0 orcish ring mail (worn)
Magical devices
 s - a wand of fire (0)
Comestibles
 g - 4 bread rations
 m - a meat ration
 u - a lychee
Scrolls
 d - 4 scrolls of blinking
 h - a scroll of amnesia {unknown}
 k - 2 scrolls of enchant weapon I {unknown}
 l - 2 scrolls of identify {unknown}
 n - 2 scrolls of teleportation {unknown}
 o - 2 scrolls of magic mapping {unknown}
 q - a scroll of enchant weapon II {unknown}
 t - a scroll of curse weapon {unknown}
 x - a scroll of remove curse {unknown}
 B - a scroll of immolation {unknown}
Jewellery
 i - an uncursed amulet of resist mutation {unknown}
 D - a +1 ring of intelligence (left hand)
Potions
 w - a potion of magic
Books
 c - a book of Spatial Translocations

   Spells                             Type                      Level
   *Apportation                       Translocation                1
   Portal Projectile                  Translocation                2
   Blink                              Translocation                2
   *Shroud of Golubria                Charms/Translocation         2
   Teleport Other                     Translocation                3
   Passage of Golubria                Translocation                4


   Skills:
 + Level 3.1 Fighting
 * Level 4.0 Axes
 - Level 1.3 Throwing
 + Level 1.6 Armour
 - Level 2.1 Dodging
 - Level 1.5 Spellcasting
 - Level 2.6 Translocations


You had 4 spell levels left.
You knew the following spells:

 Your Spells              Type           Power        Failure   Level  Hunger
a - Apportation           Tloc           ###.......   1%          1    ##.....
b - Shroud of Golubria    Chrm/Tloc      ###.......   2%          2    ###....


Dungeon Overview and Level Annotations

Branches:
Dungeon (7/16)
 Temple: D:4-7

Altars:
Elyvilon
Vehumet
Yredelemnul
Jiyva

Annotations:
D:4 Pikel
D:6 Eustachio


Innate Abilities, Weirdness & Mutations

You have hooves in place of feet.
Armour fits poorly on your strangely shaped body.
You digest meat inefficiently.
You cover ground very quickly.
You have a fast metabolism.
You have extremely tough skin (AC +3).


Message History

The spriggan baker hits you but does no damage.
You closely miss the spriggan baker. Your kick misses the spriggan baker.
The spriggan baker is heavily wounded.
The spriggan baker hits you but does no damage.
The spriggan baker hits you with an orcish dagger!
* * * LOW HITPOINT WARNING * * *
Your ring mail prevents you from hitting the spriggan baker.
You kick the spriggan baker!
The spriggan baker is almost dead.
The spriggan baker hits you with an orcish dagger.
* * * LOW HITPOINT WARNING * * *
The spriggan baker hits you but does no damage.
The spriggan baker hits you with an orcish dagger.
* * * LOW HITPOINT WARNING * * *
You closely miss the spriggan baker.
The spriggan baker is almost dead.
The spriggan baker hits you with an orcish dagger.
* * * LOW HITPOINT WARNING * * *
The spriggan baker hits you with an orcish dagger.
You die...

##############
#.....K.......
##.###.########
#########...#...##
#.....@iK........#
#.#######...#...##
#######.####.########
#%..'...# #.# #.K...
#%#.##### #.# #.####
# ##+###.# #.
##...##.# #.
##.....#.###.
##...........K


You could see a spriggan baker and a kobold.

Vanquished Creatures
  A centaur (D:5)
  A centaur skeleton (D:4)
  A scorpion (D:4)
  2 adders
  A grey rat (D:6)
  4 giant geckos
  4 oozes (D:2)
  7 orcs
  2 giant cockroaches
  8 hobgoblins
  A quokka (D:6)
  3 bats
  A giant newt (D:3)
  4 goblins
  11 jackals
  7 kobolds
  2 kobold skeletons
  An orc skeleton (D:5)
  6 rats
67 creatures vanquished.

Vanquished Creatures (others)
  An orc wizard (D:6)
  4 jellies (D:6)
  An iguana skeleton (D:6)
  3 orcs (D:6)
  3 bats (D:6)
  2 goblins (D:6)
  A hobgoblin (D:3)
  2 jackals (D:3)
  A rat (D:5)
18 creatures vanquished.

Grand Total: 85 creatures vanquished

Notes
Turn   | Place    | Note
--------------------------------------------------------------
     0 | D:1      | 4tharraofdagon, the Centaur Warper, began the quest for the Orb.
     0 | D:1      | Reached XP level 1. HP: 16/16 MP: 1/1
     1 | D:1      | Noticed a centaur skeleton
     1 | D:1      | Noticed a minotaur skeleton
     6 | D:1      | Noticed a merfolk skeleton
     7 | D:1      | Noticed a minotaur skeleton
    10 | D:1      | Noticed a troll skeleton
    12 | D:1      | Noticed a human skeleton
    12 | D:1      | Noticed a troll skeleton
    13 | D:1      | Noticed a troll skeleton
    14 | D:1      | Noticed an elf skeleton
    16 | D:1      | Noticed a centaur skeleton
    16 | D:1      | Noticed a human skeleton
    19 | D:1      | Noticed a draconian skeleton
    42 | D:2      | Found a basalt altar of Yredelemnul.
    51 | D:2      | Became a worshipper of Yredelemnul the Dark
   177 | D:2      | Reached XP level 2. HP: 12/23 MP: 2/2
   210 | D:2      | Learned a level 2 spell: Shroud of Golubria
   324 | D:2      | Found a viscous altar of Jiyva.
   426 | D:2      | Fell from the grace of Yredelemnul
   426 | D:2      | Became a worshipper of Jiyva Jaomokop the Shapeless
   464 | D:3      | Reached XP level 3. HP: 13/28 MP: 4/4
   696 | D:3      | Reached skill level 1 in Armour
   978 | D:4      | Reached skill level 3 in Axes
   980 | D:4      | Reached XP level 4. HP: 21/36 MP: 4/4
   993 | D:4      | Noticed a phantom
  1031 | D:4      | Noticed a slave
  1032 | D:4      | Noticed a slave
  1033 | D:4      | Noticed Pikel
  1035 | D:4      | Noticed a slave
  1036 | D:4      | Noticed an ogre
  1042 | D:5      | Entered Level 5 of the Dungeon
  1280 | D:5      | Found a radiant altar of Vehumet.
  1292 | D:5      | Found a white marble altar of Elyvilon.
  1393 | D:5      | Noticed a centaur
  1410 | D:5      | Killed a centaur
  1410 | D:5      | Reached XP level 5. HP: 22/41 MP: 5/5
  1548 | D:5      | Acquired Jiyva's first power
  1659 | D:6      | Noticed Eustachio
  1704 | D:6      | Noticed a sky beast
  1961 | D:6      | Reached skill level 4 in Axes
  2096 | D:6      | hurdos: Hi
  2102 | D:6      | 4tharraofdagon: hey
  2154 | D:6      | Daniel: hi hurdos
  2261 | D:7      | Noticed an ogre
  2327 | D:7      | Noticed a spriggan baker
  2344 | D:7      | HP: 1/41 [spriggan baker/orcish dagger (4)]
  2344 | D:7      | Slain by a spriggan baker

Action                   |  1- 3 |  4- 6 || total
-------------------------+-------+-------++-------
Melee: Hand axe          |   105 |    56 ||   161
       Battleaxe         |       |    35 ||    35
Throw: Dart              |     4 |       ||     4
Invok: Request Jelly     |       |     3 ||     3
Evoke: Wand              |     1 |     3 ||     4
  Use: Potion            |       |     9 ||     9
